 Dungeon Crawl Stone Soup version 0.26-a0-651-gb41185065b (webtiles) character file.

Game seed: 12493251713324657731

(classic levelgen) 348664 EnegeticOcto the Champion of Chaos (level 20, -36/199 HPs)
             Began as a Deep Dwarf Fighter on Oct 9, 2020.
             Was the Champion of Makhleb.
             Killed from afar by an orb of fire (51 damage)
             ... with a bolt of fire
             ... on level 5 of the Realm of Zot.
             The game lasted 00:18:33 (17169 turns).

EnegeticOcto the Champion of Chaos (DDFi)          Turns: 17169, Time: 00:18:33

Health: -36/199    AC: 37    Str: 25 (27) XL:     20   Next: 88%
Magic:  17/17      EV:  8    Int:  8 (11) God:    Makhleb [******]
Gold:   1306       SH: 22    Dex: 10 (12) Spells: 19/19 levels left

rFire    . . .     SeeInvis +   E - +7 Screaming Sword {vorpal, sonic wave}
rCold    + + .     Faith    .   A - +3 kite shield
rNeg     + . .     Spirit   .   h - +3 plate armour {rC+}
rPois    +         Reflect  +   l - +2 helmet
rElec    +         Harm     .   t - +2 cloak
rCorr    .         Rampage  +   I - +2 pair of gloves {archery}
MR       +++..                  z - +2 pair of boots {rampage}
Stlth    ..........             M - amulet of reflection
HPRegen  0.00/turn              W - ring "Muinwu Cuno" {Wiz rElec rPois}
MPRegen  0.15/turn              J - ring "Ishrom" {rC+ AC+4 SInv}

@: corroded, non-regenerating
A: damage resistance, heal wounds, blurry vision 1, negative energy resistance
1, sense surroundings 3, subdued magic 1, no regeneration
}: 3/15 runes: barnacled, abyssal, gossamer
a: Heal Wounds, Minor Destruction, Lesser Servant of Makhleb, Major Destruction,
Greater Servant of Makhleb, Renounce Religion


You were on level 5 of the Realm of Zot.
You worshipped Makhleb.
Makhleb was exalted by your worship.
You visited 7 branches of the dungeon, and saw 38 of its levels.
You visited the Abyss 1 time.
You also visited: Bailey.

You collected 1902 gold pieces.
You spent 596 gold pieces at shops.

Inventory:

Hand Weapons
 a - a +0 broad axe
 s - a +1 war axe
 E - the +7 Screaming Sword (weapon) {vorpal, sonic wave}
   (You found it on level 11 of the Dungeon)

   It inflicts extra damage upon your enemies.
 O - a +1 falchion of distortion
Missiles
 w - 2 throwing nets (quivered)
Armour
 h - a +3 plate armour of cold resistance (worn)
 l - a +2 helmet (worn)
 t - a +2 cloak (worn)
 z - a +2 pair of boots of rampaging (worn)
 A - a +3 kite shield (worn)
 I - a +2 pair of gloves of archery (worn)
Jewellery
 D - an uncursed amulet of the acrobat
 G - a +4 ring of evasion
 J - the ring "Ishrom" (right hand) {rC+ AC+4 SInv}
   (You acquired it on level 13 of the Dungeon)

   [ring of protection]

   It affects your AC (+4).
   It protects you from cold.
   It lets you see invisible.
 K - an uncursed ring of poison resistance
 M - an amulet of reflection (around neck)
 V - a +4 ring of protection
 W - the ring "Muinwu Cuno" (left hand) {Wiz rElec rPois}
   (You found it on level 3 of the Realm of Zot)

   [ring of wizardry]

   It improves your spell success rate.
   It insulates you from electricity.
   It protects you from poison.
Wands
 e - a wand of paralysis (30)
 f - a wand of enslavement (18)
 y - a wand of digging (19) {@v3}
 C - a wand of disintegration (5)
 L - a wand of iceblast (9) {@v2}
Scrolls
 b - 3 scrolls of blinking
 j - 2 scrolls of fear
 m - a scroll of silence
 F - 7 scrolls of identify {@r1}
 P - 7 scrolls of remove curse {@r2}
 Q - a scroll of enchant weapon
 S - a scroll of fog
 T - 2 scrolls of immolation {@r4}
Potions
 c - 3 potions of heal wounds {@q2}
 d - a potion of might {@q3}
 g - 6 potions of stabbing {@q5}
 i - 3 potions of resistance {@q6}
 k - 8 potions of lignification {@q7}
 n - a potion of haste {@q4}
 o - 3 potions of mutation
 q - 2 potions of berserk rage
 u - 2 potions of cancellation {unknown}
 v - 4 potions of brilliance
 x - 3 potions of magic
 H - a potion of flight
 U - a potion of ambrosia
Miscellaneous
 B - a condenser vane (2/2)
 N - a tin of tremorstones (3/3)
 R - a box of beasts (3/3)


   Skills:
 + Level 16.6 Fighting
 - Level 16.0 Long Blades
 - Level 10.6 Axes
 + Level 19.3 Armour
 - Level 15.0 Shields
 + Level 21.1 Invocations


You had 19 spell levels left.
You didn't know any spells.
Your spell library was empty.

Dungeon Overview and Level Annotations

Branches:
Dungeon (15/15)            Temple (1/1) D:7            Lair (4/6) D:11
 Shoals (4/4) Lair:3       Spider (4/4) Lair:4          Orc (0/2) D:9
 Vaults (0/5) D:13         Depths (5/5) D:15            Zot (5/5) Depths:5
 Bailey (visited)

Altars:
Ashenzari
Cheibriados
Dithmenos
Elyvilon
Fedhas
Gozag
Hepliaklqana
Kikubaaqudgha
Makhleb
Nemelex Xobeh
Okawaru
Qazlal
Ru
Sif Muna
Trog
Uskayaw
Vehumet
Wu Jian
Xom
Yredelemnul
Zin
The Shining One

Shops:
D:13 ?!**

Portals:
Hell: Depths:3
Abyss: Depths:5

Annotations:
D:6 exclusion: door
Depths:1 exclusion: 2 doors


Innate Abilities, Weirdness & Mutations

You are resistant to damage.
You can heal yourself by infusing magical energy.
You resist negative energy. (rN+)
You passively map a large area around you.
You do not regenerate.
Scrolls take you a little longer to read.
Your spells are a little easier to cast, but a little less powerful.


Message History

You are too injured to fight recklessly!
You are too injured to fight recklessly!
You are too injured to fight recklessly!
You are too injured to fight recklessly!
You are too injured to fight recklessly!
You are too injured to fight recklessly!
You are too injured to fight recklessly!
You are too injured to fight recklessly!
You are too injured to fight recklessly!
You are too injured to fight recklessly!
You are too injured to fight recklessly!
You are too injured to fight recklessly!
You are too injured to fight recklessly!
You are too injured to fight recklessly!
You are too injured to fight recklessly!
You are too injured to fight recklessly!
You are too injured to fight recklessly!
You are too injured to fight recklessly!
You are too injured to fight recklessly!
You are too injured to fight recklessly!
You are too injured to fight recklessly!
You are too injured to fight recklessly!
Your magical essence is drained by the effort!
You feel much better. You block the Orb Guardian's attack.
The Orb Guardian completely misses you.
The yellow draconian knight hits you but does no damage.
The yellow draconian throws acid at you.
The glob of acid hits you but does no damage.
You are splashed with acid!
The white draconian hits you from afar with a +0 glaive.
The yellow draconian hits you but does no damage.
You block the Orb Guardian's attack. The Orb Guardian hits you!!!
* * * LOW HITPOINT WARNING * * *
The yellow draconian hits you but does no damage.
You are too injured to fight recklessly!
You are too injured to fight recklessly!
You are too injured to fight recklessly!
You are too injured to fight recklessly!
You are too injured to fight recklessly!
You are too injured to fight recklessly!
You are too injured to fight recklessly!
You are too injured to fight recklessly!
You are too injured to fight recklessly!
You are too injured to fight recklessly!
You are too injured to fight recklessly!
You are too injured to fight recklessly!
You are too injured to fight recklessly!
You are too injured to fight recklessly!
You are too injured to fight recklessly!
You are too injured to fight recklessly!
You feel much better. The Orb Guardian hits you!!
* * * LOW HITPOINT WARNING * * *
You block the Orb Guardian's attack.
You block the yellow draconian knight's attack.
The Killer Klown laughs merrily.
You block the Killer Klown's attack.
The yellow draconian hits you but does no damage.
The Killer Klown blinks!
The white draconian closely misses you. The Orb Guardian barely misses you.
You block the Orb Guardian's attack.
You are too injured to fight recklessly!
You are too injured to fight recklessly!
You are too injured to fight recklessly!
You are too injured to fight recklessly!
You are too injured to fight recklessly!
You are too injured to fight recklessly!
You are too injured to fight recklessly!
You are too injured to fight recklessly!
You are too injured to fight recklessly!
Really read with blurry vision while enemies are nearby? [Y]es or [N]o only, please.
Really read with blurry vision while enemies are nearby? [Y]es or [N]o only, please.
Really read with blurry vision while enemies are nearby? [Y]es or [N]o only, please.
Really read with blurry vision while enemies are nearby? [Y]es or [N]o only, please.
Really read with blurry vision while enemies are nearby? [Y]es or [N]o only, please.
Really read with blurry vision while enemies are nearby?
The yellow draconian knight hits you but does no damage.
The Killer Klown throws klown pie at you.
The klown pie hits you!!
Raspberry!
You feel weakened.
You feel dopey.
You feel clumsy.
* * * LOW HITPOINT WARNING * * *
You block the Orb Guardian's attack. x2
You block the yellow draconian's attack.
The white draconian annihilator gestures wildly while chanting.
The white draconian annihilator blinks!
The yellow draconian throws acid at you.
The glob of acid hits you but does no damage.
You are splashed with acid!
* * * LOW HITPOINT WARNING * * *
You begin reading the scroll.
You continue reading the scroll.
The Orb Guardian hits you but does no damage.
You block the Orb Guardian's attack.
You block the yellow draconian knight's attack.
The Killer Klown blinks! x2; The white draconian barely misses you.
The orb of fire glows bright magenta.
The bolt of fire hits you!!!
You die...

.....§. , * *▓.yy... , * *
▓▓.§.dd##▓▓▓▓▓▓▓▓▓▓▓#
##....yD.............###
##..§....q.....^..##....##
##....§....p........###...#####
#.§.§q§.....D.X......###.......
#.§§§§§.d....dX§.....# ##......
#.D§.§...d§..X@dD....# #......
#.§.§.......d*.q§..^.# ##.....
#§.*§....q....d......# #.....
#...§.§.....p........# ##....$
##...§§....^.p...^..## #......
##......|.........## ##...... ,
...........## #....... **
############ ######## , , #


You could see an orb of fire, 3 Killer Klowns, a shadow dragon, a yellow
draconian knight (fast, icy armour, invisible), 2 storm dragons, a black
draconian, 5 draconians, a purple draconian, a white draconian, 3 Orb Guardians,
a white draconian annihilator, a black draconian scorcher and a moth of wrath.

Vanquished Creatures
  A juggernaut (Depths:3)
  Sojobo (Depths:5)
  A curse toe (Zot:5)
  2 golden dragons
  A caustic shrike (Depths:3)
  A bone dragon (Depths:5)
  Arachne (Spider:3)
  10 tentacled monstrosities
  A lich (Depths:3)
  3 quicksilver dragons
  5 Orb Guardians (Zot:5)
  3 deep elf blademasters
  An acid blob (shapeshifter) (Depths:4)
  2 shadow dragons
  A storm dragon (shapeshifter) (Depths:4)
  2 sphinxes
  3 death cobs
  2 thorn hunters (Abyss:4)
  Donald (Shoals:2)
  2 tengu reavers
  4 draconian monks
  6 storm dragons
  Roxanne (D:14)
  4 fire giants
  6 frost giants
  Ilsuiw (Shoals:2)
  4 draconian knights
  7 ghost moths
  A draconian scorcher (Zot:4)
  4 draconian shifters
  4 emperor scorpions
  4 draconian stormcallers
  3 draconian annihilators
  A war gargoyle (Depths:4)
  4 stone giants
  5 entropy weavers
  6 black draconians
  2 vampire knights
  A deep elf annihilator (Depths:4)
  4 purple draconians
  4 green draconians
  8 red draconians
  7 white draconians
  9 yellow draconians
  2 spark wasps
  A crystal guardian (Depths:4)
  Snorg (Lair:3)
  An ettin (Depths:1)
  6 merfolk javelineers
  A fire dragon (Depths:5)
  6 great orbs of eyes
  5 yaktaur captains
  7 merfolk impalers
  6 ice dragons (Depths:5)
  3 hydras
  4 spriggan air magi
  2 rakshasas
  6 centaur warriors
  A juggernaut simulacrum (Depths:4)
  3 merfolk avatars (Shoals:4)
  An anaconda (shapeshifter) (Depths:4)
  A two-headed ogre (D:13)
  A death knight (D:13)
  4 merfolk aquamancers
  A queen ant (Spider:4)
  A catoblepas (Depths:4)
  2 deep troll earth magi
  3 deep troll shamans (Depths:5)
  A vampire mage (Depths:1)
  3 spriggan berserkers (Depths:5)
  12 sea snakes
  A skeletal warrior (D:13)
  2 iron trolls (Depths:5)
  A glowing orange brain (Depths:1)
  A flayed ghost (Depths:5)
  A quicksilver dragon simulacrum (Depths:1)
  3 unseen horrors
  2 phantasmal warriors (Depths:5)
  2 necromancers
  4 deep trolls
  15 orb spiders
  2 oklob plants (Spider:1)
  A wolf spider zombie (D:15)
  17 harpies
  8 fauns
  5 orc knights
  17 ugly things
  8 cyclopes
  A shining eye (shapeshifter) (Depths:3)
  41 wolf spiders
  A sphinx skeleton (Depths:3)
  7 manticores
  2 deep elf magi
  An orc sorcerer (D:15)
  13 moths of wrath
  Maurice (D:10)
  2 frost giant skeletons
  5 water nymphs
  7 merfolk sirens
  2 black mambas
  A naga mage (Depths:4)
  A smoke demon (Abyss:4)
  3 gargoyles
  3 cane toads
  A titan simulacrum (Depths:3)
  3 torpor snails (Lair:4)
  Maggie (D:7)
  An efreet (D:15)
  18 yaktaurs
  A rime drake (Lair:4)
  5 komodo dragons
  9 demonic crawlers
  A tengu conjurer (Depths:1)
  26 jumping spiders
  6 trolls
  10 hornets
  8 wind drakes
  21 merfolk
  11 slime creatures
  3 blink frogs (Lair:4)
  9 snapping turtles
  2 dream sheep (Shoals:4)
  66 redbacks
  5 hippogriffs
  2 vampires (D:13)
  2 spriggans
  Sigmund (D:2)
  38 tarantellas
  3 wyverns
  3 shadows
  14 yaks
  3 fire bats (Lair:2)
  19 water elementals
  2 wraiths
  A fire elemental (Spider:2)
  2 humans (D:8)
  5 vampire mosquitoes
  A chaos spawn (Abyss:4)
  A small abomination (Abyss:4)
  28 soldier ants (Spider:4)
  An acid dragon (D:12)
  9 water moccasins
  A tengu zombie (Depths:1)
  Duvessa (D:5)
  8 porcupines
  2 ice beasts
  A black bear (Lair:4)
  An eye of draining (D:13)
  19 orc warriors
  8 sky beasts
  4 phantoms
  5 ogres
  A boggart (D:13)
  20 centaurs
  12 wolves
  6 crocodiles
  2 gnoll sergeants
  13 bullfrogs
  4 big kobolds (D:13)
  Dowan (D:5)
  3 wyvern skeletons
  4 scorpions
  A water moccasin skeleton (D:8)
  14 wights
  3 killer bees (D:10)
  5 howler monkeys
  A crimson imp (D:9)
  An electric eel (Lair:3)
  2 bullfrog zombies
  3 centaur zombies
  11 centaur skeletons
  12 orc wizards
  A bullfrog skeleton (D:6)
  7 hounds
  A jelly (D:5)
  5 orc priests
  Jessica (D:2)
  4 iguanas
  19 worker ants
  A killer bee zombie (D:6)
  A hound zombie (D:11)
  3 worker ant zombies
  Robin (D:2)
  8 gnolls
  A howler monkey skeleton (D:8)
  15 adders
  2 shadow imps
  2 white imps
  3 ufetubi
  3 oozes
  2 adder zombies
  A worm (D:2)
  3 dart slugs (D:2)
  4 leopard geckos
  64 orcs
  8 bats
  3 giant cockroaches
  20 goblins
  11 hobgoblins
  12 jackals
  29 kobolds
  5 quokkas
  A ball python (D:3)
  A ball python skeleton (D:4)
  2 frilled lizards
  2 leopard gecko skeletons (D:4)
  2 leopard gecko zombies (D:4)
  A quokka skeleton (D:4)
  5 rats
  2 rat zombies (D:5)
1177 creatures vanquished.

Vanquished Creatures (collateral kills)
  A hydra (D:12)
1 creature vanquished.

Vanquished Creatures (others)
  A lich (Depths:5)
  2 tengu reavers (Depths:5)
  A purple draconian (Zot:4)
  2 manticores
  A briar patch (Abyss:4)
  30 fungi
  A lurking horror (Abyss:4)
  179 plants
217 creatures vanquished.

Grand Total: 1395 creatures vanquished

Notes
Turn   | Place    | Note
-------+----------+-------------------------------------------
     0 | D:1      | EnegeticOcto the Deep Dwarf Fighter began the quest for the
                  | Orb.
     0 | D:1      | Reached XP level 1. HP: 20/20 MP: 1/1
   112 | D:1      | Reached XP level 2. HP: 25/27 MP: 2/2
   171 | D:2      | Reached XP level 3. HP: 30/33 MP: 3/3
   174 | D:2      | Noticed Sigmund
   182 | D:2      | Killed Sigmund
   182 | D:2      | Reached XP level 4. HP: 31/42 MP: 4/4
   182 | D:2      | Reached XP level 5. HP: 37/49 MP: 5/5
   202 | D:2      | Noticed Jessica
   210 | D:2      | Killed Jessica
   279 | D:2      | Noticed Robin
   294 | D:2      | Killed Robin
   380 | D:3      | Reached XP level 6. HP: 49/56 MP: 6/6
   665 | D:3      | Found an opulent altar of Gozag.
   702 | D:3      | Reached skill level 5 in Axes
   825 | D:4      | Found a snail-covered altar of Cheibriados.
   900 | D:4      | Reached XP level 7. HP: 27/64 MP: 7/7
   905 | D:4      | Reached skill level 5 in Armour
   977 | D:4      | Reached skill level 5 in Shields
  1318 | D:5      | Entered Level 5 of the Dungeon
  1533 | D:5      | Found an ancient bone altar of Kikubaaqudgha.
  1604 | D:5      | Noticed Duvessa
  1604 | D:5      | Noticed Dowan
  1626 | D:5      | Killed Duvessa
  1626 | D:5      | Reached XP level 8. HP: 31/73 MP: 8/8
  1628 | D:5      | Killed Dowan
  1735 | D:5      | Found a shimmering altar of Xom.
  1994 | D:5      | Reached skill level 5 in Fighting
  2271 | D:6      | Gained mutation: You passively map the area around you.
                  | [Deep Dwarf growth]
  2271 | D:6      | Reached XP level 9. HP: 93/98 MP: 7/7
  2388 | D:6      | Found a shimmering blue altar of Sif Muna.
  3294 | D:7      | Found a glowing silver altar of Zin.
  3294 | D:7      | Found a shadowy altar of Dithmenos.
  3672 | D:7      | Found a staircase to the Ecumenical Temple.
  3733 | D:7      | Noticed Maggie
  3752 | D:7      | Killed Maggie
  3752 | D:7      | Reached XP level 10. HP: 90/106 MP: 8/8
  3783 | Temple   | Entered the Ecumenical Temple
  4347 | D:2      | Found a bloodstained altar of Trog.
  5207 | D:8      | Found a broken altar of Ashenzari.
  5373 | D:8      | Found an iron altar of Okawaru.
  5418 | D:8      | Found a hazy altar of Hepliaklqana.
  5549 | D:8      | Found an ornate altar of the Wu Jian Council.
  5823 | D:9      | Killed an unseen horror
  6119 | D:9      | Found a burning altar of Makhleb.
  6120 | D:9      | Found a radiant altar of Vehumet.
  6404 | D:9      | Became a worshipper of Makhleb the Destroyer
  6458 | D:9      | Found a staircase to the Orcish Mines.
  6553 | D:10     | Entered Level 10 of the Dungeon
  6611 | D:10     | Noticed a gargoyle
  6620 | D:10     | Killed a gargoyle
  6633 | D:10     | Reached skill level 1 in Invocations
  6750 | D:10     | Noticed Maurice
  6794 | D:10     | Killed Maurice
  6855 | D:10     | Reached XP level 11. HP: 97/114 MP: 8/8
  6892 | D:10     | Found a flagged portal.
  6904 | Bailey   | Entered a bailey
  6938 | Bailey   | Reached skill level 2 in Invocations
  6943 | Bailey   | Reached * piety under Makhleb
  7068 | Bailey   | Identified the Handbook of Shifting Weightlessness
  7184 | D:10     | Killed an unseen horror
  7184 | D:10     | Reached skill level 10 in Axes
  7231 | D:11     | Paralysed by a hornet for 2 turns
  7236 | D:11     | Paralysed by a hornet for 3 turns
  7246 | D:11     | Reached skill level 3 in Invocations
  7254 | D:11     | Paralysed by a hornet for 3 turns
  7272 | D:11     | Reached ** piety under Makhleb
  7478 | D:11     | Noticed a green ugly thing
  7500 | D:11     | Killed a green ugly thing
  7500 | D:11     | Reached skill level 4 in Invocations
  7500 | D:11     | Killed an unseen horror
  7551 | D:11     | Found the +7 Singing Sword {vorpal, sonic wave}
  7693 | D:11     | Found a staircase to the Lair.
  7709 | D:12     | Noticed a green ugly thing
  7777 | D:12     | Reached skill level 1 in Long Blades
  7800 | D:12     | Killed a green ugly thing
  7800 | D:12     | Reached skill level 5 in Invocations
  7801 | D:12     | Noticed a white ugly thing
  7805 | D:12     | Reached *** piety under Makhleb
  7815 | D:12     | Killed a white ugly thing
  7851 | D:12     | Reached XP level 12. HP: 96/123 MP: 8/8
  8053 | D:12     | Found the ring of Shadows {Umbra +Inv Stlth+}
  8288 | D:12     | Reached skill level 6 in Invocations
  8342 | D:12     | Noticed a five-headed hydra
  8356 | D:12     | Killed a five-headed hydra
  8386 | D:13     | Reached skill level 5 in Long Blades
  8406 | D:13     | Reached **** piety under Makhleb
  8406 | D:13     | Reached skill level 7 in Invocations
  8413 | D:13     | Noticed a centaur warrior
  8422 | D:13     | Killed a centaur warrior
  8424 | D:13     | Noticed a two-headed ogre
  8433 | D:13     | Killed a two-headed ogre
  8635 | D:13     | Found Liumoali's General Store.
  8640 | D:13     | Noticed a centaur warrior
  8648 | D:13     | Killed a centaur warrior
  8658 | D:13     | Reached skill level 8 in Invocations
  8661 | D:13     | Noticed an eight-headed hydra
  8668 | D:13     | Killed a 12-headed hydra
  8668 | D:13     | Reached ***** piety under Makhleb
  8668 | D:13     | Reached skill level 10 in Armour
  8668 | D:13     | Reached skill level 10 in Shields
  8690 | D:13     | Reached XP level 13. HP: 67/130 MP: 11/11
  8713 | D:13     | Bought an uncursed amulet of reflection for 450 gold pieces
  8895 | D:13     | Found a gate leading to a gauntlet.
  8948 | D:13     | Found Douziner's Assorted Antiques.
  8956 | D:13     | Bought a scroll labeled ASHEN VALA for 26 gold pieces
  8957 | D:13     | Acquired the ring "Ishrom" {rC+ AC+4 SInv}
  9061 | D:13     | Found Zaugebot's Magic Scroll Emporium.
  9065 | D:13     | Bought a scroll of blinking for 82 gold pieces
  9065 | D:13     | Bought a scroll of magic mapping for 38 gold pieces
  9107 | D:13     | Found Kaid's Distillery.
  9307 | D:13     | Found a gate to the Vaults.
  9586 | Lair:1   | Entered Level 1 of the Lair of Beasts
  9900 | Lair:2   | Reached skill level 9 in Invocations
 10824 | Lair:3   | Noticed Snorg
 10837 | Lair:3   | Killed Snorg
 10896 | Lair:3   | Found the +7 mace of Variability {chain chaos}
 10973 | Lair:3   | Found a staircase to the Shoals.
 11478 | Lair:4   | Found a hole to the Spider Nest.
 11580 | Lair:4   | Found a snail-covered altar of Cheibriados.
 11742 | Lair:4   | Reached skill level 10 in Invocations
 12117 | Spider:1 | Entered Level 1 of the Spider Nest
 12126 | Spider:1 | Reached skill level 10 in Long Blades
 12126 | Spider:1 | Gained mutation: You resist negative energy. (rN+) [Deep
                  | Dwarf growth]
 12126 | Spider:1 | Reached XP level 14. HP: 139/139 MP: 10/10
 12127 | Spider:1 | Reached ****** piety under Makhleb
 12143 | Spider:1 | Reached skill level 11 in Invocations
 12157 | Spider:1 | Noticed a ghost moth
 12170 | Spider:1 | Killed a ghost moth
 12176 | Spider:1 | Noticed an emperor scorpion
 12185 | Spider:1 | Noticed an entropy weaver
 12188 | Spider:1 | Killed an emperor scorpion
 12196 | Spider:1 | Killed an entropy weaver
 12369 | Spider:1 | Noticed an entropy weaver
 12378 | Spider:1 | Killed an entropy weaver
 12421 | Spider:3 | Noticed Arachne
 12424 | Spider:3 | Reached skill level 12 in Invocations
 12427 | Spider:3 | Reached XP level 15. HP: 146/146 MP: 11/13
 12433 | Spider:3 | Killed Arachne
 12544 | Spider:4 | Entered Level 4 of the Spider Nest
 12811 | Spider:4 | Reached skill level 13 in Invocations
 12932 | Spider:4 | Noticed a ghost moth
 12943 | Spider:4 | Killed a ghost moth
 13010 | Spider:4 | Noticed a ghost moth
 13020 | Spider:4 | Killed a ghost moth
 13124 | Spider:4 | Noticed a ghost moth
 13127 | Spider:4 | Noticed a ghost moth
 13139 | Spider:4 | Killed a ghost moth
 13139 | Spider:4 | Reached XP level 16. HP: 148/154 MP: 0/14
 13175 | Spider:4 | Got a gossamer rune of Zot
 13349 | Shoals:1 | Entered Level 1 of the Shoals
 13647 | Shoals:1 | Reached skill level 14 in Invocations
 13668 | Shoals:2 | Noticed Ilsuiw
 13677 | Shoals:2 | Noticed Donald
 13689 | Shoals:2 | Killed Ilsuiw
 13707 | Shoals:2 | Killed Donald
 13878 | Shoals:4 | Entered Level 4 of the Shoals
 13968 | Shoals:4 | Reached skill level 15 in Long Blades
 14075 | Shoals:4 | Reached XP level 17. HP: 162/162 MP: 16/16
 14094 | Shoals:4 | Reached skill level 15 in Invocations
 14365 | Shoals:4 | Got a barnacled rune of Zot
 14783 | D:14     | Noticed Roxanne
 14795 | D:14     | Killed Roxanne
 14802 | D:15     | Entered Level 15 of the Dungeon
 15212 | D:15     | Found a staircase to the Depths.
 15341 | D:15     | Cast into level 3 of the Abyss (unwielding a weapon of
                  | distortion)
 15412 | Abyss:4  | Found a corrupted altar of Lugonu.
 15412 | Abyss:4  | Found a corrupted altar of Lugonu.
 15425 | Abyss:4  | Found a radiant altar of Vehumet.
 15463 | Abyss:4  | Noticed a deep elf blademaster
 15465 | Abyss:4  | Noticed a deep elf blademaster
 15477 | Abyss:4  | Killed a deep elf blademaster
 15484 | Abyss:4  | Reached skill level 15 in Armour
 15487 | Abyss:4  | Killed a deep elf blademaster
 15487 | Abyss:4  | Reached skill level 15 in Shields
 15491 | Abyss:4  | Got an abyssal rune of Zot
 15496 | D:15     | Escaped the Abyss
 15503 | Depths:1 | Entered Level 1 of the Depths
 15570 | Depths:1 | Reached skill level 16 in Invocations
 15748 | Depths:3 | Found a gateway to Hell.
 15786 | Depths:3 | Noticed a lich
 15796 | Depths:3 | Killed a lich
 15796 | Depths:3 | Gained mutation: You passively map a large area around you.
                  | [Deep Dwarf growth]
 15796 | Depths:3 | Reached XP level 18. HP: 149/171 MP: 18/18
 15805 | Depths:3 | Noticed a tentacled monstrosity
 15817 | Depths:3 | Noticed a juggernaut
 15817 | Depths:3 | Noticed a golden dragon
 15821 | Depths:3 | Killed a tentacled monstrosity
 15835 | Depths:3 | Killed a golden dragon
 15847 | Depths:3 | Killed a juggernaut
 15853 | Depths:3 | Noticed a caustic shrike
 15859 | Depths:3 | Killed a caustic shrike
 15859 | Depths:3 | Reached skill level 17 in Invocations
 16038 | Depths:5 | Entered Level 5 of the Depths
 16038 | Depths:5 | Found a one-way gate to the infinite horrors of the Abyss.
 16086 | Depths:5 | Reached skill level 18 in Invocations
 16148 | Depths:5 | Reached XP level 19. HP: 129/183 MP: 17/19
 16180 | Depths:5 | Noticed Sojobo
 16194 | Depths:5 | Noticed a lich
 16204 | Depths:5 | Killed a lich
 16213 | Depths:5 | Killed Sojobo
 16240 | Depths:5 | Found a gate to the Realm of Zot.
 16240 | Depths:5 | Noticed a bone dragon
 16254 | Depths:5 | Killed a bone dragon
 16254 | Depths:5 | Reached skill level 15 in Fighting
 16282 | Zot:1    | Entered Level 1 of the Realm of Zot
 16340 | Zot:1    | Reached skill level 19 in Invocations
 16483 | Zot:2    | Noticed a golden dragon
 16495 | Zot:2    | Killed a golden dragon
 16495 | Zot:2    | Reached XP level 20. HP: 166/196 MP: 18/18
 16530 | Zot:3    | Got an ancient silver ring
 16531 | Zot:3    | Identified the ring "Muinwu Cuno" {Wiz rElec rPois} (You
                  | found it on level 3 of the Realm of Zot)
 16576 | Zot:3    | Reached skill level 20 in Invocations
 16774 | Zot:5    | Entered Level 5 of the Realm of Zot
 16802 | Zot:5    | Noticed a curse toe
 16827 | Zot:5    | Killed a curse toe
 17113 | Zot:5    | Reached skill level 21 in Invocations
 17156 | Zot:5    | Noticed an orb of fire
 17157 | Zot:5    | Gained mutation: Your spells are a little easier to cast,
                  | but a little less powerful. [an orb of fire]
 17158 | Zot:5    | Noticed a Killer Klown
 17159 | Zot:5    | Noticed a Killer Klown
 17160 | Zot:5    | Gained mutation: Scrolls take you a little longer to read.
                  | [an orb of fire]
 17165 | Zot:5    | Noticed a Killer Klown
 17169 | Zot:5    | Killed from afar by an orb of fire

Illustrated notes

Levels and vault maps discovered:
D:1:      lemuel_arrival_cross, layout_loops_ring, wad_floor_pattern_untrapped
D:2:      layout_rooms, nicolae_overflow_hidden_temple, uniq_sigmund,
          uniq_robin, uniq_jessica
D:3:      minmay_chambers_of_twos, layout_rooms, grunt_gozag_statues
D:4:      layout_loops_cross, old_standard_altar, serial_undead,
          serial_undead_c, serial_undead_d, serial_undead_a, serial_undead_f,
          serial_undead_d
D:5:      layout_basic, xom_teletrap_fun, lemuel_zombie_altar_kikubaaqudgha,
          hangedman_decor_opposing, uniq_duvessa
D:6:      layout_loops_corners, led_sif_book
D:7:      layout_gridville, chequers_temple_overflow_statue_of_worship,
          minmay_temple_entry_proselytizer, the_bakery, uniq_maggie
D:8:      layout_basic, lemuel_round_altar, ashenzari_conservatory_becter,
          marbit_many_paths, okawaru_humans
D:9:      layout_small_grid, grunt_temple_overflow_lords_of_destruction,
          hiddenorc1_lemuel, special_room [special_room_orc]
D:10:     layout_rooms, enter_bailey_2, uniq_maurice
D:11:     layout_cave_pools, david_lair_shrubbed
D:12:     layout_basic, minmay_mirror_moons_of_madness
D:13:     minmay_the_grid_square_5x5_3x3
          [minmay_the_grid_square_5x5_almost_minimal,
          minmay_the_grid_square_5x5_inner_v,
          minmay_the_grid_square_5x5_inverted_slash,
          minmay_the_grid_square_5x5_longway,
          minmay_the_grid_square_5x5_megaprize_crossed,
          minmay_the_grid_square_5x5_checkered,
          minmay_the_grid_square_5x5_half_checkered,
          minmay_the_grid_square_5x5_doubleslash,
          minmay_the_grid_square_5x5_moneybag], layout_stronghold,
          hangedman_vaults_entry_quadrant_bands, serial_shops,
          nicolae_shop_crystal, nicolae_shop_temple_entry_statues_fountains,
          shop, nicolae_shop_behind_doors, gauntlet_entry_generic
D:14:     layout_rooms, serial_park_paths [serial_park_minivault_5x5_3],
          uniq_nessos, uniq_roxanne
D:15:     grunt_enter_depths_snipers, layout_rooms, serial_bayou_crossing
Temple:   dpeg_three_leaves_temple
Lair:1:   layout_regular_city, serial_forest, infiniplex_forest_lined_2,
          infiniplex_forest_lined_ring, infiniplex_forest_clump_medium,
          infiniplex_forest_zigzag_1, infiniplex_forest_lined_room_2,
          infiniplex_forest_clump_medium, infiniplex_forest_diagonal,
          infiniplex_forest_clump_tiny, grunt_megastairs_2
Lair:2:   layout_cave_pods, nicolae_volcano_entry_batcave, serial_forest,
          infiniplex_forest_clump_double, infiniplex_forest_clump_curved,
          infiniplex_forest_end_3, infiniplex_forest_lined_corner,
          infiniplex_forest_diagonal, infiniplex_forest_clump_large,
          infiniplex_forest_lined_1, infiniplex_forest_clump_curved,
          infiniplex_staircase_pool
Lair:3:   layout_loops_ring, shoals_dummy_entry, serial_bayou_shore_a,
          uniq_snorg
Lair:4:   layout_long_grid, spider_nest_entry_a, minmay_holes,
          kennysheep_snail_temple
Shoals:1: layout_shoals
Shoals:2: layout_shoals, uniq_polyphemus, uniq_donald, uniq_ilsuiw
Shoals:3: layout_shoals
Shoals:4: shoals_end_simple, layout_shoals
Spider:1: spider_temple_joshua
Spider:2: nicolae_spider_mines_1, spiders_nest_hornet_nest, uniq_azrael,
          uniq_frances, uniq_jorgrun
Spider:3: layout_spider_delve, uniq_arachne
Spider:4: spider_rune_water, minivault_29
Depths:1: layout_cave_pools, grunt_hell_entry_dis_grunt, bh_walls_and_bars,
          marbit_kobold_abyss_entry, hangedman_eye_storm
Depths:2: minmay_connected_boxes_in_corner, layout_cave_pools,
          grunt_pan_entry_sceptre, abyss_entry_crystal, tso_altar,
          pf_coc_iceberg
Depths:3: minmay_cut_squares, layout_basic, nemelex_xobeh_ov_fountains_minmay,
          grunt_pan_entry_in_and_out, hell_entry, kennysheep_minor_cross
Depths:4: hangedman_crystal_crosses_colossus [crystal_crosses_arms_four,
          crystal_crosses_arms_four, crystal_crosses_arms_two,
          crystal_crosses_arms_two], pan_entry, abyss_entry, hell_entry,
          uniq_boris
Depths:5: grunt_zot_entry_bicorn, layout_long_grid, evilmike_ruin_ashenzari,
          abyss_entry, hell_entry, uniq_sojobo
Zot:1:    grunt_zot_stairs_faceoff, layout_misc_corridors
Zot:2:    layout_twisted_circle
Zot:3:    layout_misc_corridors
Zot:4:    layout_gridville
Zot:5:    layout_twisted_circle

Skill      XL: |  1  2  3  4  5  6  7  8  9 10 11 12 13 14 15 16 17 18 19 20 |
---------------+-------------------------------------------------------------+-----
Axes           | 3 4 5 6 7 8 9 10 | 10.6
Fighting       | 3 4 11 12 13 14 15 16 | 16.6
Armour         | 4 5 6 7 8 10 11 12 13 14 15 16 18 19 | 19.3
Shields        | 4 5 6 7 8 10 11 12 13 14 15 | 15.0
Invocations    | 1 5 8 10 12 13 14 16 18 19 21 | 21.1
Long Blades    | 3 7 10 12 13 15 16 | 16.0

Action                   |  1- 3 |  4- 6 |  7- 9 | 10-12 | 13-15 | 16-18 | 19-21 || total
-------------------------+-------+-------+-------+-------+-------+-------+-------++-------
Melee: War axe           |    39 |   185 |   354 |   403 |       |       |       ||   981
       Broad axe         |       |       |       |   126 |       |       |       ||   126
       Double sword      |       |       |       |   198 |   669 |   889 |   472 ||  2228
Invok: Lesser Servant of |       |       |       |     2 |       |       |       ||     2
 Abil: Heal Wounds       |       |     2 |     9 |    33 |     7 |     4 |    14 ||    69
Evoke: Wand              |       |       |       |    12 |       |     1 |       ||    13
  Use: Scroll            |       |       |    11 |    14 |     3 |    16 |     6 ||    50
       Potion            |       |       |     1 |     1 |     5 |     3 |     4 ||    14
 Stab: Paralysed         |       |       |       |     2 |       |       |       ||     2
       Distracted        |       |       |       |     1 |       |       |       ||     1
       Petrified         |       |       |       |       |       |     2 |       ||     2
Armor: Scale mail        |    20 |   133 |    32 |       |       |       |       ||   185
       Plate armour      |       |       |   215 |   721 |   596 |   543 |   367 ||  2442
Dodge: Dodged            |    15 |    68 |    71 |   181 |   208 |   171 |   141 ||   855
Block: Kite shield       |    20 |   115 |   216 |   621 |   937 |   827 |   570 ||  3306
       Reflection        |       |       |       |       |     5 |    77 |     8 ||    90
       Rpst.: Double sword |       |       |       |    15 |    36 |    29 |    23 ||   103

Table legend: (Time is in decaauts)
 A = Elapsed time spent in this place.
 B = Non-inter-level travel time spent in this place.
 C = Inter-level travel time spent in this place.
 D = Time resting spent in this place.
 E = Time spent auto-exploring this place.
 F = Levels seen in this place.
 G = Mean time per level.
                   A        B        C        D        E       F      G
               +--------+--------+--------+--------+--------+-----+--------+
         Total |  17153 |  15438 |   1715 |    202 |   9607 |  41 |  418.4 |
       Dungeon |  10267 |   9336 |    931 |     20 |   6410 |  15 |  684.5 |
        Temple |     83 |     68 |     15 |      0 |     67 |   1 |   83.0 |
          Lair |   2813 |   2437 |    376 |      0 |   2062 |   4 |  703.2 |
        Shoals |   1115 |    977 |    138 |      0 |    349 |   4 |  278.8 |
   Spider Nest |   1156 |   1016 |    140 |      0 |    419 |   4 |  289.0 |
        Depths |    668 |    634 |     34 |      0 |    111 |   5 |  133.6 |
           Zot |    739 |    661 |     78 |    171 |     95 |   5 |  147.8 |
         Abyss |    135 |    135 |      0 |     11 |     77 |   2 |   67.5 |
        Bailey |    174 |    174 |      0 |      0 |     17 |   1 |  174.0 |
               +--------+--------+--------+--------+--------+-----+--------+

Top non-repeatable levels by time:
    D:13: 1247 daAuts
     D:5: 1060 daAuts
  Lair:2: 984 daAuts
     D:9: 942 daAuts
     D:6: 911 daAuts
     D:7: 897 daAuts
     D:8: 744 daAuts
  Lair:4: 726 daAuts
  Lair:3: 708 daAuts
     D:4: 681 daAuts
     D:2: 672 daAuts
Spider:4: 668 daAuts
    D:12: 658 daAuts
    D:11: 592 daAuts
     D:3: 590 daAuts
